 Dungeon Crawl Stone Soup version 0.20-a0-204-ge9bc5e3 (webtiles) character file.

541 Faca the Shield-Bearer (level 7, -3/55 HPs)
             Began as a Formicid Fighter on Nov 24, 2016.
             Slain by a gnoll
             ... wielding a +0 spear
              (4 damage)
             ... on level 4 of the Dungeon.
             The game lasted 00:13:27 (2685 turns).

Faca the Shield-Bearer (Formicid Fighter)           Turns: 2685, Time: 00:13:27

Health: -3/55      AC:  9    Str: 19 (21) XL:     7   Next: 51%
Magic:  0/7        EV:  6    Int:  5 (7)  God:
Gold:   163        SH: 11    Dex: 11 (12) Spells: 6/6 levels left

rFire  . . .     SeeInvis +     b - -1 mace (curse)
rCold  . . .     Gourm    .     n - +0 chain mail
rNeg   . . .     Faith    .     c - +1 shield
rPois  +         Spirit   +     (helmet unavailable)
rElec  .         Reflect  .     (no cloak)
rCorr  .         Harm     .     (no gloves)
MR     .....                    (no boots)
Stlth  ..........               k - amulet of guardian spirit
                                h - ring of poison resistance
                                e - ring of flight

@: glowing
A: permanent stasis, dig shafts and tunnels, four strong arms, antennae 3
a: Dig, Shaft Self, Evoke Flight


You were on level 4 of the Dungeon.
You were not hungry.

You visited 1 branch of the dungeon, and saw 4 of its levels.

You collected 163 gold pieces.

Inventory:

Hand Weapons
 a - a +1 war axe
 b - a cursed -1 mace (weapon)
 l - a +0 scythe of flaming
 p - a cursed -1 mace
Armour
 c - a +1 shield (worn)
 n - a +0 chain mail (worn)
Jewellery
 e - a ring of flight (left hand)
 h - a ring of poison resistance (right hand)
 k - an amulet of guardian spirit (around neck)
Scrolls
 g - 6 scrolls of identify
 q - a scroll of enchant weapon
Potions
 d - a potion of might
 i - a potion of ambrosia
 r - a potion of brilliance
Comestibles
 f - 4 bread rations
 m - 2 beef jerkies
 o - a slice of pizza


   Skills:
 + Level 4.5 Fighting
 + Level 4.6(4.7) Axes
 + Level 1.2(3.1) Maces & Flails
 + Level 5.0 Armour
 + Level 1.2 Dodging
 + Level 0.6 Stealth
 + Level 5.3 Shields


You had 6 spell levels left.
You didn't know any spells.

Dungeon Overview and Level Annotations

Branches:
Dungeon (4/15)
 Temple: D:4-7

Altars:


Innate Abilities, Weirdness & Mutations

You cannot be hasted, slowed, berserked, paralysed or teleported.
You can dig through walls and to a lower floor.
Your four strong arms can wield two-handed weapons with a shield.
You have a pair of large antennae on your head. (SInv)


Message History

The gnoll hits you with a spear.
* * * LOW HITPOINT WARNING * * *
The gnoll shaman hits you with a whip.
* * * LOW HITPOINT WARNING * * *
You feel better. You block the gnoll's attack. x2
The gnoll shaman calls upon its god to heal the gnoll.
The gnoll's wounds heal themselves!
The gnoll hits you from afar with a spear!
* * * LOW HITPOINT WARNING * * *
Unknown command.
Your shield and chain mail prevent you from hitting the gnoll shaman.
The gnoll shaman is heavily wounded.
The gnoll hits you with a spear.
* * * LOW HITPOINT WARNING * * *
The gnoll hits you from afar with a spear.
* * * LOW HITPOINT WARNING * * *
The gnoll hits you but does no damage.
The gnoll shaman hits you but does no damage.
The gnoll hits you from afar with a spear.
You die...

....# ....# ....#
..### # ..# .# ..#
##.# ..# ...#
#################gg.#
................@gg.#
#################...#
# ...# # ##..# #.# .#
#


You could see a gnoll shaman and 3 gnolls.

Vanquished Creatures
  Sigmund (D:2)
  An ogre (D:4)
  A hound (D:4)
  Jessica (D:2)
  Terence (D:2)
  A worker ant (D:3)
  Robin (D:3)
  4 gnolls (D:3)
  5 adders
  A worm (D:2)
  4 dart slugs
  2 leopard geckos
  7 orcs (D:3)
  2 giant cockroaches
  7 hobgoblins
  6 jackals
  9 kobolds
  2 ball pythons
  4 bats
  3 frilled lizards
  14 goblins
  7 rats
84 creatures vanquished.

Notes
Turn   | Place    | Note
-------+----------+-------------------------------------------
     0 | D:1      | Faca the Formicid Fighter began the quest for the Orb.
     0 | D:1      | Reached XP level 1. HP: 18/18 MP: 1/1
    35 | D:1      | Reached XP level 2. HP: 21/24 MP: 2/2
   480 | D:1      | Reached XP level 3. HP: 26/29 MP: 3/3
  1260 | D:2      | Noticed Sigmund
  1261 | D:2      | Noticed Jessica
  1276 | D:2      | Killed Jessica
  1276 | D:2      | Reached XP level 4. HP: 12/35 MP: 1/4
  1279 | D:2      | Killed Sigmund
  1279 | D:2      | Reached XP level 5. HP: 3/42 MP: 0/5
  1279 | D:2      | Reached XP level 6. HP: 3/48 MP: 0/6
  1922 | D:2      | Noticed Terence
  1929 | D:2      | Killed Terence
  1929 | D:2      | Reached skill level 1 in Dodging
  2211 | D:3      | Noticed Robin
  2217 | D:3      | Reached XP level 7. HP: 37/55 MP: 7/7
  2227 | D:3      | Killed Robin
  2576 | D:4      | Reached skill level 5 in Armour
  2576 | D:4      | Reached skill level 5 in Shields
  2591 | D:4      | Reached skill level 1 in Maces & Flails
  2685 | D:4      | HP: 1/55 [gnoll/spear (4)]
  2685 | D:4      | Slain by a gnoll

Vault maps used:
D:1:      dpeg_arrival_renting
D:2:      uniq_terence, uniq_sigmund, uniq_jessica
D:3:      minmay_vboxes, uniq_robin
D:4:      first_bread, grunt_decor_clamped

Skill      XL: |  1  2  3  4  5  6  7 |
---------------+----------------------+-----
Shields        | 4 5 |  5.3
Fighting       | 4 |  4.5
Axes           | 3 4 |  4.6
Armour         | 4 5 |  5.0
Dodging        | 1 |  1.2
Maces & Flails | 1 |  1.2
Stealth        | |  0.6

Action                   |  1- 3 |  4- 6 |  7- 9 || total
-------------------------+-------+-------+-------++-------
Melee: War axe           |    72 |    96 |    12 ||   180
       Mace              |       |       |    99 ||    99
  Use: Scroll            |     3 |     6 |       ||     9
       Potion            |     6 |     1 |     4 ||    11
  Eat: Meat ration       |     1 |       |     1 ||     2
Armor: Scale mail        |    25 |    11 |       ||    36
       Chain mail        |       |    22 |    84 ||   106
Dodge: Dodged            |    29 |    23 |    57 ||   109
Block: Shield            |    46 |    62 |   114 ||   222
